 Dungeon Crawl Stone Soup version 0.27-a0-59-gfbafd837a3 (webtiles) character file.

Game seed: 3730174766269567000

226 Alarkh the Ruffian (level 5, -5/41 HPs)
             Began as a Demonspawn Fighter on Jan 8, 2021.
             Slain by an ogre
             ... wielding a +0 giant club
              (22 damage)
             ... on level 3 of the Dungeon.
             The game lasted 00:02:28 (2140 turns).

Alarkh the Ruffian (Demonspawn Fighter)             Turns: 2140, Time: 00:02:29

Health: -5/41      AC:  8    Str: 15 (16) XL:     5   Next: 69%
Magic:  5/5        EV:  6    Int:  9 (11) God:
Gold:   97         SH:  8    Dex: 12      Spells: 4/4 levels left

rFire    + . .     SeeInvis .     - Unarmed
rCold    + . .     Faith    .   b - +0 kite shield
rNeg     . . .     Spirit   .   a - +0 scale mail
rPois    .         Reflect  .   (no helmet)
rElec    .         Harm     .   g - scarf {rC+ rF+}
rCorr    .         Rampage  .   (no gloves)
Will     .....                  (no boots)
Stlth    ..........             (no amulet)
HPRegen  0.13/turn              k - +4 ring of slaying
MPRegen  0.09/turn              (no ring)

@: mighty
A: claws 1, sharp scales 2
a: no special abilities


You were on level 3 of the Dungeon.
You visited 1 branch of the dungeon, and saw 4 of its levels.

You collected 97 gold pieces.

Inventory:

Armour
 a - a +0 scale mail (worn)
 b - a +0 kite shield (worn)
 g - a scarf of resistance (worn)
Jewellery
 k - a +4 ring of slaying (left claw)
 l - an uncursed ring of willpower {unknown}
Scrolls
 d - 3 scrolls of remove curse {unknown}
 i - a scroll of immolation {unknown}
 m - 5 scrolls of enchant armour {unknown}
 n - a scroll of identify {unknown}
 o - a scroll of noise {unknown}
Potions
 e - 3 potions of curing
 f - a potion of flight {unknown}
 h - a potion of lignification {unknown}
 j - a potion of degeneration
 p - a potion of cancellation {unknown}


   Skills:
 + Level 3.6 Fighting
 - Level 2.6 Armour
 - Level 2.6 Shields
 * Level 5.1 Unarmed Combat


You had 4 spell levels left.
You didn't know any spells.
Your spell library was empty.

Dungeon Overview and Level Annotations

Branches:
Dungeon (4/15)
 Temple: D:4-7

Altars:
Ashenzari
Fedhas
Makhleb
Okawaru
Sif Muna
Vehumet

Annotations:
D:3 3 runed translucent doors, kae's ghost, amateur DsGl


Innate Abilities, Weirdness & Mutations

You have sharp fingernails.
You are mostly covered in razor-sharp scales. (AC +2, Slay +2)


Message History

The adder skeleton is almost destroyed.
You hear the slow hiss of an avalanche of sand nearby.
You block the adder skeleton's attack. You block the adder skeleton's attack.
The ogre hits you with a +0 giant club!
You climb upwards.
Level annotation: 3 runed translucent doors, kae's ghost, amateur DsGl
Found a radiant altar of Vehumet and a broken altar of Ashenzari.
There is a stone staircase leading down here.
You feel very mighty all of a sudden. The ogre hits you with a +0 giant club!
* * * LOW HITPOINT WARNING * * *
You feel better.
You scratch the ogre.
The ogre is lightly wounded.
The ogre hits you but does no damage.
You claw the ogre!
The ogre is heavily wounded.
The ogre hits you with a +0 giant club!!
Ouch! That really hurt!
You die...

# #. # #. # #. # #. ####### ## #
#. #.....########## ##_###_# #.
#.....##.......##8...8...8######.
†.....''.......##O.....$..##.....
#..†..##.......#@........._#.###.
#†....##.......##.........#### #.
......###########8...8.$.8######.
......###### ##_###_# #....
.#####.....##################.##.
.....'.....'..'......+.........#.
.....#)....####......#######...#.
.....#.....# #......# #...#.
...).####### #......# ######..#.


You could see an ogre.

Vanquished Creatures
  A howler monkey (D:4)
  An orc wizard (D:3)
  A worker ant (D:4)
  A hound zombie (D:3)
  4 adders
  An ooze (D:2)
  2 worms
  A dart slug (D:3)
  3 leopard geckos
  7 orcs (D:3)
  3 giant cockroaches
  5 goblins
  8 hobgoblins
  6 jackals
  A ball python (D:1)
  6 bats
  5 frilled lizards
  5 kobolds
  7 rats
68 creatures vanquished.

Notes
Turn   | Place    | Note
-------+----------+-------------------------------------------
     0 | D:1      | Alarkh the Demonspawn Fighter began the quest for the Orb.
     0 | D:1      | Reached XP level 1. HP: 18/18 MP: 1/1
   110 | D:1      | Reached skill level 2 in Unarmed Combat
   215 | D:1      | Gained mutation: You have sharp fingernails. [demonic
                  | ancestry]
   215 | D:1      | Reached XP level 2. HP: 13/24 MP: 2/2
   886 | D:2      | Reached skill level 3 in Unarmed Combat
   954 | D:2      | Gained mutation: You are partially covered in razor-sharp
                  | scales. (AC +1, Slay +1) [demonic ancestry]
   954 | D:2      | Reached XP level 3. HP: 29/29 MP: 3/3
  1414 | D:3      | Found a runed translucent gate.
  1415 | D:3      | Found a runed translucent gate.
  1416 | D:3      | Found a runed translucent gate.
  1422 | D:3      | Reached skill level 4 in Unarmed Combat
  1422 | D:3      | Reached XP level 4. HP: 35/35 MP: 4/4
  1833 | D:3      | Found a burning altar of Makhleb.
  1833 | D:3      | Noticed an Executioner
  1838 | D:3      | Gained mutation: You are mostly covered in razor-sharp
                  | scales. (AC +2, Slay +2) [demonic ancestry]
  1838 | D:3      | Reached XP level 5. HP: 41/41 MP: 5/5
  1855 | D:3      | Noticed kae's ghost (amateur DsGl)
  1973 | D:3      | Found a shimmering blue altar of Sif Muna.
  1975 | D:3      | Found a blossoming altar of Fedhas.
  1977 | D:3      | Found an iron altar of Okawaru.
  2128 | D:4      | Noticed an ogre
  2130 | D:4      | Reached skill level 5 in Unarmed Combat
  2133 | D:4      | Noticed an ogre
  2136 | D:3      | Found a radiant altar of Vehumet.
  2136 | D:3      | Found a broken altar of Ashenzari.
  2140 | D:3      | Slain by an ogre

Illustrated notes

Levels and vault maps discovered:
D:1:      shiori_arrival_oz, layout_loops_ring, serial_bayou_lake_a
D:2:      layout_loops_cross
D:3:      layout_basic, nicolae_overflow_hidden_temple,
          makhleb_altar_promises_db, gammafunk_ghost_icy
D:4:      minmay_recursive_quarters, layout_rooms, minmay_temple_entry_hall,
          enter_ossuary_1, uniq_blork_the_orc

Skill      XL: |  1  2  3  4  5 |
---------------+----------------+-----
Unarmed Combat | 2 3 4 5 |  5.1
Fighting       | |  3.6
Armour         | |  2.6
Shields        | |  2.6

Action                   |  1- 3 |  4- 6 || total
-------------------------+-------+-------++-------
Melee: Unarmed           |   124 |    86 ||   210
  Use: Potion            |       |     4 ||     4
Armor: Scale mail        |    42 |    35 ||    77
Dodge: Dodged            |    22 |    19 ||    41
Block: Kite shield       |    50 |    34 ||    84

Table legend: (Time is in decaauts)
 A = Elapsed time spent in this place.
 B = Non-inter-level travel time spent in this place.
 C = Inter-level travel time spent in this place.
 D = Time resting spent in this place.
 E = Time spent auto-exploring this place.
 F = Levels seen in this place.
 G = Mean time per level.
                   A        B        C        D        E       F      G
               +--------+--------+--------+--------+--------+-----+--------+
         Total |   2192 |   2114 |     78 |    152 |   1564 |   4 |  548.0 |
       Dungeon |   2192 |   2114 |     78 |    152 |   1564 |   4 |  548.0 |
               +--------+--------+--------+--------+--------+-----+--------+

Top non-repeatable levels by time:
     D:1: 928 daAuts
     D:3: 707 daAuts
     D:2: 505 daAuts
     D:4: 51 daAuts
